 Dungeon Crawl Stone Soup version 0.18.1-48-g4cf74bf (webtiles) character file.

212 tyranidshit the Grave Robber (level 5, -7/42 HPs)
             Began as a Deep Dwarf Necromancer on July 9, 2016.
             Killed by divine providence
             ... invoked by an orc priest
              (13 damage)
             ... on level 7 of the Dungeon.
             The game lasted 00:16:59 (2333 turns).

tyranidshit the Grave Robber (DDNe)                 Turns: 2333, Time: 00:16:59

Health: -7/42      AC:  2    Str: 12    XL:     5   Next: 58%
Magic:  10/18      EV: 12    Int: 20    God:
Gold:   147        SH:  0    Dex: 13    Spells: 2 memorised, 6 levels left

rFire  . . .     SeeInvis .     i - +0 flail
rCold  . . .     Gourm    .     a - +0 robe
rNeg   . . .     Faith    .     (no shield)
rPois  .         Spirit   .     (no helmet)
rElec  .         Dismiss  .     (no cloak)
rCorr  .         Reflect  .     (no gloves)
SustAt .         Harm     .     (no boots)
MR     .....                    (no amulet)
Stlth  ++........               t - +4 ring of intelligence
                                v - ring of magical power

@: non-regenerating, not resistant to hostile enchantments, unstealthy
A: damage resistance, recharge devices, sense surroundings 1, slow regeneration
3
a: Device Recharging


You were on level 7 of the Dungeon.
You were not hungry.

You visited 1 branch of the dungeon, and saw 5 of its levels.

You collected 147 gold pieces.

Inventory:

Hand Weapons
 g - a +0 hand axe
 i - a +0 flail (weapon)
Armour
 a - a +0 robe (worn)
 e - a +0 leather armour
 u - a +0 chain mail
Jewellery
 k - an uncursed amulet of harm
 s - an uncursed ring of wizardry
 t - a +4 ring of intelligence (right hand)
 v - a ring of magical power (left hand)
Wands
 c - a wand of heal wounds (4/9)
 o - a wand of enslavement (12/24)
 y - a wand of iceblast (10/15)
Scrolls
 m - 3 scrolls of remove curse
 p - a scroll of identify {unknown}
 w - a scroll of teleportation {unknown}
 x - a scroll of immolation {unknown}
Potions
 f - 2 potions of degeneration {unknown}
 h - a potion of cure mutation {unknown}
 j - a potion of magic {unknown}
 l - 3 potions of curing {unknown}
 n - 2 potions of heal wounds {unknown}
 r - 2 potions of agility {unknown}
Books
 b - a book of Necromancy

   Spells                             Type                      Level
   a - Pain                           Necromancy                   1
   b - Animate Skeleton               Necromancy                   1
   c - Vampiric Draining              Necromancy                   3
   d - Regeneration                   Charms/Necromancy            3
   e - Animate Dead                   Necromancy                   4
   f - Control Undead                 Necromancy                   4
Comestibles
 d - a bread ration
 q - a beef jerky
 z - a meat ration


   Skills:
 - Level 2.4 Dodging
 - Level 3.0 Stealth
 + Level 3.1 Spellcasting
 * Level 6.4 Necromancy


You had 6 spell levels left.
You knew the following spells:

 Your Spells              Type           Power        Failure   Level  Hunger
a - Pain                  Necr           ####         1%          1    None
b - Vampiric Draining     Necr           ####......   3%          3    ###....


Dungeon Overview and Level Annotations

Branches:
Dungeon (7/15)
 Temple: D:4-7

Altars:
Ashenzari
Elyvilon
Kikubaaqudgha
Ru
Sif Muna
Xom


Innate Abilities, Weirdness & Mutations

You are resistant to damage.
You can recharge devices by infusing magical energy.
You passively map a small area around you.
You do not regenerate naturally.


Message History

The orc priest hits you with a flail.
Found a blackened ivory wand.
An orc warrior comes into view. It is wielding a halberd.
The orc priest calls down the wrath of Beogh upon you.
Beogh smites you!
The orc shouts!
The orc warrior shouts!
You hear a shout!
The orc barely misses you.
An orc comes into view. It is wielding a flail.
An orc priest comes into view. It is wielding a dagger.
The phantom blinks!
The orc warrior hits you with a flail!
* * * LOW HITPOINT WARNING * * *
The orc priest moves out of view.
Found 2 tomahawks and 10 gold pieces.
The orc warrior closely misses you. The orc hits you with a club.
* * * LOW HITPOINT WARNING * * *
The orc priest shouts!
The orc priest invokes the aid of Beogh against you.
Beogh smites you!
You die...

, , ,, ,
... , ####
..#* , * ,
, #..##..#
** ,
*#......##.
##.........
* ,
+...(....$.
, ,
#..........
#@# ..#* *
#o##..##..
* * ,
#o........
,
#ooo...../
*
#oo....$..
#oo....o.
#.....##. ,
#.....# ,,,
# #.....##
, ≈≈


You could see 2 orc warriors, an orc priest and 6 orcs.

Vanquished Creatures
  An ogre (D:4)
  An iguana (D:4)
  A gnoll (D:1)
  4 adders
  A dart slug (D:1)
  2 giant geckos (D:1)
  8 orcs
  4 giant cockroaches
  2 goblins
  7 hobgoblins
  2 jackals
  5 kobolds
  4 bats
  2 giant newts
  4 rats
48 creatures vanquished.

Vanquished Creatures (others)
  A worker ant (D:7)
1 creature vanquished.

Grand Total: 49 creatures vanquished

Notes
Turn   | Place    | Note
--------------------------------------------------------------
     0 | D:1      | tyranidshit the Deep Dwarf Necromancer began the quest for the Orb.
     0 | D:1      | Reached XP level 1. HP: 15/15 MP: 3/3
   252 | D:1      | Reached XP level 2. HP: 17/22 MP: 2/4
   379 | D:1      | Reached skill level 5 in Necromancy
   674 | D:2      | Found an ancient bone altar of Kikubaaqudgha.
   679 | D:2      | Reached XP level 3. HP: 16/28 MP: 4/6
   686 | D:2      | Learned a level 3 spell: Vampiric Draining
  1296 | D:2      | Found a sacrificial altar of Ru.
  1314 | D:2      | You fall through a shaft for 2 floors!
  1331 | D:4      | Reached XP level 4. HP: 34/36 MP: 0/7
  1391 | D:4      | Found a white marble altar of Elyvilon.
  1494 | D:4      | Found a shattered altar of Ashenzari.
  1638 | D:4      | Noticed an ogre
  1698 | D:4      | Killed an ogre
  1698 | D:4      | Reached skill level 6 in Necromancy
  1698 | D:4      | Reached XP level 5. HP: 25/42 MP: 0/9
  1754 | D:3      | Found a deep blue altar of Sif Muna.
  2317 | D:4      | You fall through a shaft for 3 floors!
  2319 | D:7      | Noticed a phantom
  2320 | D:7      | Found a shimmering altar of Xom.
  2322 | D:7      | Noticed an orc warrior
  2326 | D:7      | Noticed an orc warrior
  2333 | D:7      | Killed from afar by an orc priest

Skill      XL: |  1  2  3  4  5 |
---------------+----------------+-----
Spellcasting   | 2 3 |  3.1
Necromancy     | 5 6 |  6.4
Stealth        | 3 |  3.0
Dodging        | |  2.4

Action                   |  1- 3 |  4- 6 || total
-------------------------+-------+-------++-------
Melee: Hand axe          |     2 |       ||     2
       Flail             |    10 |    23 ||    33
 Cast: Pain              |    30 |     9 ||    39
       Vampiric Draining |    12 |    35 ||    47
Evoke: Wand              |       |     1 ||     1
  Use: Scroll            |     1 |       ||     1
 Stab: Sleeping          |     1 |       ||     1
  Eat: Bread ration      |     1 |     2 ||     3
Armor: Robe              |     8 |     7 ||    15
Dodge: Dodged            |    23 |    37 ||    60
